 Dungeon Crawl Stone Soup version 0.17-a0-1485-g22cb0ee (console) character file.

273814 Monkaria the Warrior (level 19, -1/166 HPs)
             Began as a Minotaur Wanderer on July 5, 2015.
             Was the Champion of Qazlal.
             Slain by a deep troll (13 damage)
             ... on level 1 of the Depths.
             The game lasted 02:00:47 (45644 turns).

Monkaria the Warrior (Minotaur Wanderer)           Turns: 45644, Time: 02:00:47

Health: -1/166     AC: 39    Str: 37 (38) XL:     19   Next: 51%
Magic:  22/22      EV: 17    Int:  8      God:    Qazlal [******]
Gold:   1209       SH: 10    Dex:  5      Spells: 0 memorised, 18 levels left

rFire  + . .     SeeInvis +     w - +5 glaive
rCold  + + +     Clarity  +     d - +4 chain mail of Atheism {Str+6}
rNeg   + . .     SustAt   .     (no shield)
rPois  +         Gourm    .     (helmet unavailable)
rElec  +         Spirit   .     L - +2 cloak of Starlight {rElec rC+ EV+4 Stlth--}
rCorr  .         Warding  .     k - +2 pair of gloves "Naosm" {rElec MR+ Dex-2}
rMut   .         Stasis   .     a - +2 pair of boots
MR     ++...                    r - amulet of the Priest {Clar rPois rC++ Int-2}
Stlth  ..........               F - ring of Oredistuh {rN+ SInv}
                                Q - ring of Cueg {*Confuse rF+ Str+10 Int+3 Dex-3}

@: protected from physical damage, repel missiles, very resistant to hostile
enchantments, extremely unstealthy
A: retaliatory headbutt, horns 3, large bone plates 1, rough black scales 1,
blink 1, breathe flames 1, clumsy 1, deterioration 2, dopey 1, frail 1, low mp
2, regeneration 1, subdued magic 1
a: Blink, Upheaval, Elemental Force, Disaster Area, Renounce Religion, Breathe
Fire
}: 2/15 runes: decaying, serpentine


You were on level 1 of the Depths.
You worshipped Qazlal.
Qazlal was exalted by your worship.
You were not hungry.

You visited 7 branches of the dungeon, and saw 38 of its levels.

You collected 4260 gold pieces.
You spent 3051 gold pieces at shops.

Inventory:

Hand weapons
 n - a +5 blowgun
 w - a +5 glaive (weapon)
 W - a +4 scimitar of flaming
Missiles
 u - 163 poisoned needles
 C - 29 tomahawks (quivered)
Armour
 a - a +2 pair of boots (worn)
 d - the +4 chain mail of Atheism (worn) {Str+6}
   (You bought it in a shop on level 2 of the Snake Pit)

   It affects your strength (+6).
 k - the +2 pair of gloves "Naosm" (worn) {rElec MR+ Dex-2}
   (You found it on level 1 of the Lair of Beasts)

   It affects your dexterity (-2).
   It insulates you from electricity.
   It affects your resistance to hostile enchantments.
 L - the +2 cloak of Starlight (worn) {rElec rC+ EV+4 Stlth--}
   (You found it on level 13 of the Dungeon)

   It affects your evasion (+4).
   It protects you from cold.
   It insulates you from electricity.
   It makes you much less stealthy.
Jewellery
 r - the amulet of the Priest (around neck) {Clar rPois rC++ Int-2}
   (You bought it in a shop on level 4 of the Orcish Mines)

   [amulet of clarity]

   It provides mental clarity.
   It affects your intelligence (-2).
   It greatly protects you from cold.
   It protects you from poison.
 F - the ring of Oredistuh (right hand) {rN+ SInv}
   (You found it on level 6 of the Lair of Beasts)

   [ring of see invisible]

   It protects you from negative energy.
   It lets you see invisible.
 Q - the ring of Cueg (left hand) {*Confuse rF+ Str+10 Int+3 Dex-3}
   (You took it off an orc on level 13 of the Dungeon)

   [ring of intelligence]

   It affects your strength (+10).
   It affects your intelligence (+3).
   It affects your dexterity (-3).
   It protects you from fire.
   It may confuse you when you take damage.
Magical devices
 g - a wand of paralysis (11)
 i - a wand of fireball (8)
 v - a wand of disintegration (19)
 A - a wand of draining (6)
 U - a wand of fireball (7)
 V - a wand of fire (8)
 Y - a wand of teleportation (4)
Scrolls
 c - 17 scrolls of teleportation
 j - 4 scrolls of blinking
 l - a scroll of recharging
 t - 3 scrolls of fog
 y - 5 scrolls of fear
 D - 5 scrolls of identify
 H - 9 scrolls of magic mapping
 I - 16 scrolls of remove curse
Potions
 b - 6 potions of lignification
 h - 10 potions of curing
 m - 5 potions of ambrosia
 o - 4 potions of might
 p - 3 potions of agility
 s - a potion of magic
 E - 3 potions of flight
 G - 4 potions of haste
 J - 5 potions of berserk rage
 K - 3 potions of heal wounds
Books
 z - an Akashic Record

   Spells                             Type                      Level
   a - Dispersal                      Translocation                6
   b - Controlled Blink               Translocation                7
   c - Malign Gateway                 Summoning/Translocation      7
   d - Disjunction                    Translocation                8
 B - a book of Cantrips

   Spells                             Type                      Level
   a - Corona                         Hexes                        1
   b - Animate Skeleton               Necromancy                   1
   c - Summon Small Mammal            Summoning                    1
   d - Apportation                    Translocation                1
Miscellaneous
 e - a plain deck of changes {drawn: 4}
 x - a sack of spiders
Comestibles
 f - 17 bread rations
 q - 2 meat rations
 M - 3 fruits


   Skills:
 - Level 20.0 Fighting
 - Level 20.0 Polearms
 - Level 20.0 Armour
 + Level 17.2 Dodging
 - Level 1.5 Stealth
   Level 1.2 Shields
 - Level 14.1 Invocations


You had 18 spell levels left.
You didn't know any spells.

Dungeon Overview and Level Annotations

Branches:
Dungeon (15/15)            Temple (1/1) D:6            Lair (8/8) D:9
  Swamp (4/4) Lair:5        Snake (4/4) Lair:4        Slime (0/6) Lair:7
    Orc (4/4) D:12            Elf (0/3) Orc:4        Vaults (0/5) D:13
 Depths (2/5) D:15

Altars:
Ashenzari
Cheibriados
Dithmenos
Elyvilon
Fedhas
Gozag
Kikubaaqudgha
Makhleb
Nemelex Xobeh
Okawaru
Qazlal
Ru
Sif Muna
Trog
Vehumet
Xom
Yredelemnul
Zin
The Shining One
Beogh

Shops:
D:7 %   D:9 ?   D:10 [   D:11 ?!%(   Orc:3 [   Orc:4 *%=!*   Snake:1 ?
Snake:2 [   Snake:4 }%%[%

Portals:
Hell: Depths:1
Trove: Depths:1 (give +5 demon blade)


Innate Abilities, Weirdness & Mutations

You reflexively headbutt those who attack you in melee.
You have a pair of large horns on your head.
You are partially covered in large bone plates (AC +2, SH +2).
You are partially covered in rough black scales (AC +4, Dex -1).
You can translocate small distances at will.
You can breathe flames.
You are clumsy. (Dex -2)
Your body often deteriorates upon taking damage.
You are dopey. (Int -2)
You are frail (-10% HP).
Your magical capacity is very low (-20% MP).
Your natural rate of healing is unusually fast.
Your spells are a little easier to cast, but a little less powerful.


Message History

You kill the deep troll shaman!
Qazlal accepts your kill.
Unknown command.
Unknown command.
You slice the deep troll!!
The deep troll is almost dead.
You block the deep troll's attack. x2
The deep troll closely misses you.
Unknown command.
Unknown command.
Unknown command.
You hit the deep troll. Your headbutt misses the deep troll.
The deep troll is almost dead.
The deep troll bites you but does no damage.
The deep troll barely misses you. The deep troll claws you!
* * * LOW HITPOINT WARNING * * *
Unknown command.
Unknown command.
The deep troll bites you!
You die...

.................≈≈..............
.)..............................#
.................≈≈≈....#..#....#
.(...........)...≈≈........#[...#
..........≈...)......##...##.§.##
..........≈..§§......##....#.§##.
..............##§§........≈....#.
...........#####T>....≈.##.≈≈..#.
....##.....## #.@§§≈.#.....≈≈≈.#.
....#...T...####§≈§..#.≈.§.≈≈≈.#§
...###..........§≈≈...#..#..≈≈.†.
........§..........[..####.....#.
.......§.....#.##..'.........#.#.
.......§..#.####..#'#.....≈.##.#.
.......########..##.##......####.
.......[## ##..##.8.##....## #.
.........# #..##)....##....# ##


You could see a deep troll.

Vanquished Creatures
  Mara (Swamp:3)
  the Lernaean hydra (Swamp:4)
  Vashnia (Snake:3)
  Jorgrun (Snake:2)
  2 octopode crushers (Depths:1)
  The ghost of Ebilmort the Scorcher, a mighty DEWz of Vehumet (Snake:4)
  2 thorn hunters
  9 greater nagas
  2 frost giants (Depths:1)
  Aizul (Snake:3)
  Louise (Swamp:4)
  An orc warlord (Orc:4)
  A draconian annihilator (Depths:1)
  A stone giant (Depths:2)
  2 very ugly things
  A reaper (Depths:1)
  Nessos (Lair:5)
  Snorg (D:12)
  An ettin (Depths:1)
  2 jiangshi (Depths:1)
  An entropy weaver (Depths:1)
  2 rakshasas (Depths:1)
  2 great orbs of eyes
  6 centaur warriors
  13 naga warriors
  26 hydras
  2 ice dragons (Depths:1)
  A ghost crab (Swamp:4)
  6 catoblepae
  A spriggan air mage (Depths:2)
  14 anacondas
  20 death yaks
  3 tengu warriors (D:15)
  A queen ant (D:12)
  2 deep troll shamans
  A vampire mage (Depths:1)
  9 alligators
  7 shock serpents
  A spriggan berserker (Depths:1)
  A hell hog (Depths:1)
  Sonja (Lair:1)
  5 spriggans
  10 naga sharpshooters
  2 iron trolls (D:15)
  A salamander mystic (Snake:2)
  6 unseen horrors
  17 slime creatures
  5 deep trolls
  2 spriggan druids
  8 sea snakes
  19 swamp dragons
  6 naga ritualists
  2 shambling mangroves (Swamp:1)
  A wizard (D:15)
  Pikel (D:8)
  A lindwurm (shapeshifter) (Depths:1)
  A wolf spider zombie (D:15)
  5 hill giants
  20 ugly things
  2 necromancers (Depths:1)
  A giant orange brain (Depths:1)
  11 orc sorcerers
  4 mana vipers
  A wolf spider (D:15)
  4 cyclopes
  6 griffons
  2 elephants (Lair:8)
  7 salamanders
  2 manticores (D:14)
  20 naga magi
  A hornet (Swamp:1)
  A fire giant skeleton (Depths:1)
  An octopode (shapeshifter) (D:15)
  The ghost of simok the Arsonist, an experienced DEFE of Vehumet (D:6)
  7 guardian serpents
  43 black mambas
  2 gargoyles
  25 spiny frogs
  A torpor snail (Lair:8)
  15 komodo dragons
  A centaur skeleton (D:13)
  8 yaktaurs
  A fire drake (Lair:6)
  A yaktaur (shapeshifter) (D:15)
  A redback zombie (D:15)
  2 tengu conjurers
  An efreet (D:15)
  11 trolls
  A two-headed ogre (D:10)
  37 blink frogs
  Prince Ribbit (D:9)
  A jumping spider (Depths:1)
  A boulder beetle (Lair:7)
  An ettin zombie (Depths:1)
  9 giant leeches
  A stone giant simulacrum (Depths:1)
  6 bog bodies
  3 wyverns
  Sigmund (D:2)
  A trapdoor spider (D:15)
  A fire dragon skeleton (Depths:1)
  An ice dragon skeleton (Depths:1)
  A redback (Depths:1)
  A wraith (D:13)
  8 shadows
  5 hippogriffs
  44 yaks
  2 water elementals (Depths:1)
  A deep elf mage (D:11)
  5 basilisks
  A hungry ghost (D:9)
  A vampire (D:10)
  17 vampire mosquitoes
  7 wolves
  14 wargs
  3 insubstantial wisps (Swamp:3)
  10 hell hounds (Depths:1)
  24 water moccasins
  37 swamp worms
  60 nagas
  22 soldier ants
  Duvessa (D:6)
  A black bear (D:9)
  11 porcupines
  11 swamp drakes
  14 wasps
  A phantom (D:5)
  2 slaves (D:8)
  5 necrophages
  A sky beast (D:8)
  19 orc warriors
  A boggart (D:13)
  7 ice beasts
  15 ogres
  9 centaurs
  16 crocodiles
  31 giant frogs
  3 big kobolds
  2 gnoll sergeants
  A wyvern zombie (D:14)
  Dowan (D:6)
  4 scorpions
  15 wights
  17 killer bees
  6 crimson imps
  6 centaur zombies
  2 quasits
  2 giant frog zombies
  2 lava snakes (Lair:5)
  43 orc wizards
  Crazy Yiuf (D:2)
  3 giant frog skeletons
  9 hounds
  14 jellies
  17 orc priests
  32 worker ants
  8 iguanas
  8 hell rats (Lair:6)
  A killer bee zombie (D:7)
  16 sheep
  A giant frog simulacrum (D:13)
  3 hound zombies (D:7)
  A mummy (D:6)
  Robin (D:3)
  23 adders
  12 gnolls
  4 worker ant zombies
  81 river rats
  4 shadow imps
  5 oozes
  An adder skeleton (D:10)
  3 adder zombies
  13 worms
  5 giant geckos
  212 orcs
  A bat skeleton (D:4)
  5 bat zombies
  7 giant cockroaches
  30 goblins
  26 hobgoblins
  10 jackals
  19 kobolds
  6 quokkas
  18 bats
  7 giant newts
  A quokka skeleton (D:6)
  A quokka zombie (D:5)
  28 rats
  2 briar patches (Swamp:4)
  A bush (Lair:5)
  3 butterflies (Lair:4)
  79 fungi
  50 plants
1797 creatures vanquished.

Vanquished Creatures (collateral kills)
  An elephant (Lair:8)
  A spiny frog (Lair:8)
  A steam dragon (Lair:8)
  2 crocodiles (Lair:8)
5 creatures vanquished.

Vanquished Creatures (others)
  Nikola (Snake:3)
  A black mamba (Snake:3)
  A centaur skeleton (D:15)
  A blink frog (Lair:5)
  A naga (Snake:3)
  A wasp (Swamp:1)
  A wight (D:11)
  An orc (Orc:4)
  A briar patch (Swamp:4)
  19 fungi
  16 plants
44 creatures vanquished.

Grand Total: 1846 creatures vanquished

Notes
Turn   | Place    | Note
--------------------------------------------------------------
     0 | D:1      | Monkaria the Minotaur Wanderer began the quest for the Orb.
     0 | D:1      | Monkaria set off with: a +2 spear, a potion of lignification, a scroll of teleportation, a +0 robe, a +0 dagger, a bread ration
     0 | D:1      | Reached XP level 1. HP: 26/26 MP: 0/0
    52 | D:1      | Reached skill level 1 in Polearms
    98 | D:1      | Reached XP level 2. HP: 34/34 MP: 1/1
   413 | D:1      | Reached XP level 3. HP: 36/39 MP: 2/2
   897 | D:2      | Found an opulent altar of Gozag.
   919 | D:2      | Noticed Sigmund
  1100 | D:2      | Reached XP level 4. HP: 47/47 MP: 3/3
  1118 | D:2      | Found a stormy altar of Qazlal.
  1118 | D:2      | Found a glowing golden altar of the Shining One.
  1200 | D:2      | Became a worshipper of Qazlal Stormbringer
  1759 | D:2      | Killed Sigmund
  1759 | D:2      | Reached XP level 5. HP: 21/52 MP: 4/4
  2010 | D:2      | Noticed Crazy Yiuf
  2014 | D:2      | Paralysed by Crazy Yiuf for 3 turns
  2018 | D:2      | Killed Crazy Yiuf
  2018 | D:2      | Reached XP level 6. HP: 34/60 MP: 1/5
  2498 | D:3      | Found a radiant altar of Vehumet.
  2582 | D:3      | Noticed Robin
  2603 | D:3      | Killed Robin
  3126 | D:4      | Acquired Qazlal's first power
  3525 | D:5      | Entered Level 5 of the Dungeon
  3567 | D:5      | Reached skill level 8 in Polearms
  3586 | D:5      | Reached XP level 7. HP: 31/66 MP: 6/6
  3631 | D:5      | Reached skill level 9 in Polearms
  4132 | D:5      | Found a snail-covered altar of Cheibriados.
  4273 | D:6      | Found a staircase to the Ecumenical Temple.
  4288 | Temple   | Entered the Ecumenical Temple
  4412 | D:6      | Reached skill level 5 in Armour
  4500 | D:5      | Acquired Qazlal's second power
  4561 | D:6      | Reached XP level 8. HP: 59/73 MP: 7/7
  4732 | D:6      | Noticed Duvessa
  4736 | D:6      | Noticed Dowan
  4749 | D:6      | Killed Duvessa
  4758 | D:6      | Killed Dowan
  4802 | D:6      | Identified the Collected Works on Frigorific Beguiling
  5051 | D:6      | Noticed simok's ghost (experienced DEFE)
  5066 | D:6      | Killed simok's ghost
  5446 | D:6      | Reached skill level 10 in Armour
  5496 | D:7      | Found a sacrificial altar of Ru.
  5506 | D:7      | Reached XP level 9. HP: 37/79 MP: 8/8
  5555 | D:7      | Reached skill level 10 in Polearms
  6316 | D:7      | Acquired Qazlal's third power
  6318 | D:7      | Reached skill level 11 in Polearms
  6530 | D:7      | Reached skill level 12 in Polearms
  6690 | D:7      | Found Wuumyri's Food Boutique.
  6913 | D:8      | Reached skill level 13 in Polearms
  6957 | D:8      | Gained mutation: Armour fits poorly on your strangely shaped body. [mutagenic meat]
  6958 | D:8      | Gained mutation: Scrolls take you a little longer to read. [mutagenic meat]
  6959 | D:8      | Lost mutation: Scrolls take you a little longer to read. [mutagenic meat]
  6960 | D:8      | Gained mutation: You are somewhat resistant to further mutation. [mutagenic meat]
  6961 | D:8      | Gained mutation: You can spit weak poison. [mutagenic meat]
  7015 | D:8      | Acquired Qazlal's fourth power
  7188 | D:8      | Found a snail-covered altar of Cheibriados.
  7200 | D:8      | Noticed Pikel
  7227 | D:8      | Killed Pikel
  7227 | D:8      | Reached XP level 10. HP: 62/85 MP: 9/9
  7550 | D:9      | Reached skill level 14 in Polearms
  7572 | D:9      | Found a staircase to the Lair.
  7605 | D:9      | Noticed Prince Ribbit
  7621 | D:9      | Killed Prince Ribbit
  7914 | D:9      | Noticed a hill giant
  7920 | D:9      | Killed a hill giant
  8002 | D:9      | Found Fomuzaro's Magic Scroll Emporium.
  8012 | D:9      | Bought a scroll of blinking for 105 gold pieces
  8012 | D:9      | Bought a scroll of identify for 28 gold pieces
  8012 | D:9      | Bought a scroll of enchant weapon for 105 gold pieces
  8012 | D:9      | Bought a scroll of fear for 49 gold pieces
  8021 | D:9      | Lost mutation: Armour fits poorly on your strangely shaped body. [potion of mutation]
  8021 | D:9      | Gained mutation: You expend magic power (3 MP) to strengthen your wands. [potion of mutation]
  8052 | D:9      | Reached skill level 15 in Polearms
  8106 | D:9      | Found an ancient bone altar of Kikubaaqudgha.
  8147 | D:9      | Reached skill level 1 in Dodging
  8676 | Lair:1   | Entered Level 1 of the Lair of Beasts
  8711 | Lair:1   | Reached skill level 5 in Dodging
  8770 | Lair:1   | Noticed a black mamba
  8787 | Lair:1   | Killed a black mamba
  8872 | Lair:1   | Noticed an eight-headed hydra
  9069 | D:9      | Reached XP level 11. HP: 40/92 MP: 10/10
  9260 | D:10     | Entered Level 10 of the Dungeon
  9520 | D:10     | Found Odadecom's Armour Shop.
  9729 | D:10     | Bought a +1 pair of gloves of strength for 231 gold pieces
  9824 | D:10     | Acquired Qazlal's fifth power
 10329 | D:11     | Reached skill level 10 in Fighting
 10740 | D:10     | Killed an unseen horror
 11085 | D:11     | Found Oxzeuja's Weapon Emporium.
 11145 | D:11     | Found Barghid's Food Emporium.
 11178 | D:11     | Found Gaur's Magic Scroll Shop.
 11183 | D:11     | Found Loelia's Distillery.
 11202 | D:11     | Killed an unseen horror
 11212 | D:11     | Bought a potion of flight for 42 gold pieces
 11212 | D:11     | Bought a potion of might for 56 gold pieces
 11212 | D:11     | Bought a potion of curing for 42 gold pieces
 11462 | D:11     | Gained mutation: You can spit poison. [mutagenic meat]
 11469 | D:11     | Noticed a four-headed hydra
 11479 | D:11     | Killed a four-headed hydra
 11495 | D:11     | Noticed a six-headed hydra
 11690 | D:12     | HP: 4/105 [very large slime creature (44)]
 11829 | D:12     | Noticed Snorg
 11836 | D:12     | Killed Snorg
 11836 | D:12     | Reached XP level 12. HP: 42/115 MP: 11/11
 11931 | D:12     | Noticed a hill giant
 11938 | D:12     | Killed a hill giant
 12142 | D:11     | Killed a six-headed hydra
 12152 | D:11     | Noticed a hill giant
 12160 | D:11     | Killed a hill giant
 12350 | D:12     | Found a staircase to the Orcish Mines.
 12673 | D:12     | Reached skill level 16 in Polearms
 12703 | D:12     | Noticed a queen ant
 12720 | D:12     | Killed a queen ant
 13170 | D:12     | Reached skill level 17 in Polearms
 14247 | Lair:1   | Killed an eight-headed hydra
 14521 | Lair:1   | Noticed Sonja
 14529 | Lair:1   | Killed Sonja
 15092 | Lair:1   | Reached XP level 13. HP: 124/124 MP: 12/12
 15103 | Lair:1   | Got a pair of shimmering gloves
 15114 | Lair:1   | Identified the +2 pair of gloves "Naosm" {rElec MR+ Dex-2} (You found it on level 1 of the Lair of Beasts)
 16956 | Lair:4   | Found a staircase to the Snake Pit.
 17682 | Lair:4   | Got a crude brass ring
 18020 | Lair:5   | Noticed Nessos
 18024 | Lair:4   | Reached skill level 1 in Invocations
 18265 | Lair:5   | Killed Nessos
 18278 | Lair:5   | HP: 6/124 [spiny frog (14)]
 18289 | Lair:4   | Reached skill level 5 in Invocations
 19053 | Lair:5   | Got a twisted battleaxe
 19205 | Lair:5   | Found a staircase to the Swamp.
 19797 | Lair:1   | Identified the +7 battleaxe "Lessumpyatac" {pain, *Contam rPois rN+++ Int-4} (You found it on level 5 of the Lair of Beasts)
 19801 | Lair:1   | Identified the ring of Naxobith {+Inv rF+} (You found it on level 4 of the Lair of Beasts)
 20731 | Lair:6   | Reached XP level 14. HP: 96/132 MP: 13/18
 20752 | Lair:6   | Got a wavering iron ring
 20780 | Lair:6   | Identified the ring of Oredistuh {rN+ SInv} (You found it on level 6 of the Lair of Beasts)
 21722 | Lair:7   | Found a staircase to the Slime Pits.
 22220 | Lair:8   | Entered Level 8 of the Lair of Beasts
 22350 | Lair:8   | Reached skill level 10 in Invocations
 24319 | Lair:8   | Reached XP level 15. HP: 70/138 MP: 24/24
 25882 | Orc:1    | Entered Level 1 of the Orcish Mines
 26772 | Orc:1    | Found a shimmering altar of Xom.
 27127 | Orc:3    | Found Seguder's Antique Armour Shoppe.
 27533 | Orc:3    | Bought a pitted scale mail for 297 gold pieces
 27543 | Orc:3    | Identified the +2 scale mail "Notian" {rPois Regen+ rCorr Stlth-} (You bought it in a shop on level 3 of the Orcish Mines)
 27844 | Orc:4    | Entered Level 4 of the Orcish Mines
 27872 | Orc:3    | Reached skill level 15 in Fighting
 28564 | Orc:4    | Paralysed by an orc sorcerer for 7 turns
 29096 | Orc:4    | Found a staircase to the Elven Halls.
 29156 | Orc:4    | Found Leogan's Distillery.
 29156 | Orc:4    | Found Bofavvonn's Assorted Antiques.
 29161 | Orc:4    | Bought a potion of curing for 42 gold pieces
 29161 | Orc:4    | Bought a potion of heal wounds for 70 gold pieces
 29161 | Orc:4    | Bought a potion of brilliance for 56 gold pieces
 29161 | Orc:4    | Bought a potion of might for 56 gold pieces
 29161 | Orc:4    | Bought a potion of mutation for 35 gold pieces
 29161 | Orc:4    | Bought a potion of mutation for 35 gold pieces
 29161 | Orc:4    | Gained mutation: Potions and wands are less effective at restoring your health. [potion of mutation]
 29162 | Orc:4    | Gained mutation: You are agile. (Dex +2) [potion of mutation]
 29172 | Orc:4    | Bought a scroll of blinking for 195 gold pieces
 29172 | Orc:4    | Bought a knobbly copper ring for 130 gold pieces
 29276 | Orc:4    | Found Ryoprez's General Store.
 29288 | Orc:4    | Bought a potion of curing for 36 gold pieces
 29364 | Orc:4    | Found Acvuehi's Food Boutique.
 29364 | Orc:4    | Found Elaepiq's Jewellery Emporium.
 29378 | Orc:4    | Bought the amulet of the Priest {Clar rPois rC++ Int-2} for 534 gold pieces
 29511 | Orc:4    | Found a roughly hewn altar of Beogh.
 29595 | Orc:3    | Bought a glowing hat for 132 gold pieces
 29800 | D:11     | Bought a potion of cure mutation for 490 gold pieces
 29800 | D:11     | Lost mutation: You can spit poison. [potion of cure mutation]
 29800 | D:11     | Lost mutation: You are somewhat resistant to further mutation. [potion of cure mutation]
 29800 | D:11     | Lost mutation: You can spit weak poison. [potion of cure mutation]
 30144 | D:13     | Found a shattered altar of Ashenzari.
 30157 | D:13     | Reached skill level 18 in Fighting
 30373 | D:13     | Lost mutation: You are agile. (Dex +2) [mutagenic meat]
 30374 | D:13     | Gained mutation: Your flesh is cold resistant. [mutagenic meat]
 30375 | D:13     | Gained mutation: You are frail (-10% HP). [mutagenic meat]
 30376 | D:13     | Gained mutation: Your muscles are strong. (Str +2) [mutagenic meat]
 30396 | D:13     | Reached skill level 19 in Fighting
 30544 | D:13     | Found a gate to the Vaults.
 30673 | D:13     | Got a slimy pewter ring
 30770 | D:13     | Identified the ring of Cueg {*Confuse rF+ Str+10 Int+3 Dex-3} (You took it off an orc on level 13 of the Dungeon)
 30882 | D:13     | Gained mutation: Your natural rate of healing is unusually fast. [mutagenic meat]
 30884 | D:13     | Gained mutation: Your body sometimes deteriorates upon taking damage. [mutagenic meat]
 31005 | D:14     | Lost mutation: Your muscles are strong. (Str +2) [mutagenic meat]
 31006 | D:14     | Gained mutation: You are partially covered in large bone plates (AC +2, SH +2). [mutagenic meat]
 31007 | D:14     | Gained mutation: Your spells are a little easier to cast, but a little less powerful. [mutagenic meat]
 31011 | D:14     | Gained mutation: Your body often deteriorates upon taking damage. [mutagenic meat]
 31012 | D:14     | Gained mutation: You have a pair of large horns on your head. [mutagenic meat]
 31169 | D:14     | Gained mutation: You are dopey. (Int -2) [potion of mutation]
 31446 | D:14     | Reached skill level 20 in Fighting
 31592 | D:15     | Entered Level 15 of the Dungeon
 31629 | D:15     | Reached XP level 16. HP: 95/145 MP: 25/25
 31643 | D:14     | Lost mutation: Your body often deteriorates upon taking damage. [mutagenic meat]
 31644 | D:14     | Lost mutation: You expend magic power (3 MP) to strengthen your wands. [mutagenic meat]
 31647 | D:14     | Gained mutation: Your body often deteriorates upon taking damage. [mutagenic meat]
 31648 | D:14     | Gained mutation: You are somewhat resistant to further mutation. [mutagenic meat]
 31753 | D:15     | Gained mutation: You have an increased reservoir of magic (+10% MP). [mutagenic meat]
 31875 | D:15     | Found a staircase to the Depths.
 32008 | D:15     | Found a glowing golden altar of the Shining One.
 32721 | Snake:1  | Entered Level 1 of the Snake Pit
 32734 | Lair:4   | Lost mutation: Your spells are a little easier to cast, but a little less powerful. [mutagenic meat]
 32736 | Lair:4   | Lost mutation: You have a pair of large horns on your head. [mutagenic meat]
 33146 | Snake:1  | Found Qifucil's Magic Scroll Shoppe.
 33544 | Swamp:1  | Entered Level 1 of the Swamp
 34641 | Swamp:2  | Got a smoking chain mail
 34758 | Swamp:2  | Reached skill level 15 in Armour
 35514 | Swamp:2  | Gained mutation: You are agile. (Dex +2) [mutagenic meat]
 35568 | Swamp:2  | Lost mutation: You are somewhat resistant to further mutation. [mutagenic meat]
 35595 | Swamp:3  | Reached XP level 17. HP: 153/153 MP: 29/29
 35608 | Swamp:3  | Lost mutation: You are agile. (Dex +2) [mutagenic meat]
 36266 | Swamp:4  | Entered Level 4 of the Swamp
 36270 | Swamp:4  | Noticed Louise
 36313 | Swamp:3  | Identified the +1 chain mail of a wizard's laboratory {*Confuse Str+3 SInv} (You found it on level 2 of the Swamp)
 36321 | Swamp:4  | Killed Louise
 36454 | Swamp:4  | Noticed Mara
 36597 | Swamp:4  | Noticed Monkaria's illusion
 36905 | Lair:1   | Lost mutation: You have an increased reservoir of magic (+10% MP). [potion of mutation]
 36905 | Lair:1   | Gained mutation: You have a pair of large horns on your head. [potion of mutation]
 37093 | Snake:2  | Noticed Jorgrun
 37255 | Snake:2  | Killed Jorgrun
 37718 | Snake:2  | Found Rajuir's Antique Armour Shoppe.
 37747 | Snake:2  | Bought a distressingly furry chain mail for 285 gold pieces
 37757 | Snake:2  | Identified the +4 chain mail of Atheism {Str+6} (You bought it in a shop on level 2 of the Snake Pit)
 38133 | Snake:3  | Gained mutation: You tend to lose your temper in combat. [potion of mutation]
 38133 | Snake:3  | Lost mutation: Your flesh is cold resistant. [potion of mutation]
 38146 | Snake:3  | Got a smelly plate armour
 38302 | Snake:3  | Noticed Aizul
 38305 | Snake:3  | Noticed Vashnia
 38317 | Snake:3  | Killed Aizul
 38333 | Snake:3  | Killed Vashnia
 38373 | Snake:3  | Gained mutation: Your magical capacity is low (-10% MP). [mutagenic meat]
 38375 | Snake:3  | Lost mutation: You tend to lose your temper in combat. [mutagenic meat]
 38376 | Snake:3  | Gained mutation: You can translocate small distances at will. [mutagenic meat]
 38377 | Snake:3  | Lost mutation: Potions and wands are less effective at restoring your health. [mutagenic meat]
 38662 | Snake:3  | Noticed Nikola
 38675 | Snake:3  | Killed Nikola
 38896 | Snake:3  | Identified the cursed +1 plate armour of Card Tricks {MP+9} (You found it on level 3 of the Snake Pit)
 39448 | Snake:4  | Entered Level 4 of the Snake Pit
 39491 | Snake:4  | Reached XP level 18. HP: 121/160 MP: 24/24
 39508 | Snake:4  | Found Ahowefal's Antique Armour Boutique.
 39819 | Snake:4  | Noticed Ebilmort's ghost (mighty DEWz)
 39825 | Snake:4  | Reached skill level 10 in Dodging
 39834 | Snake:4  | Killed Ebilmort's ghost
 39878 | Snake:3  | Gained mutation: You are partially covered in rough black scales (AC +4, Dex -1). [mutagenic meat]
 40590 | Snake:4  | Found Padwarre's Food Shop.
 41136 | Snake:4  | Gained mutation: Your magical capacity is very low (-20% MP). [mutagenic meat]
 41137 | Snake:4  | Gained mutation: You can breathe flames. [mutagenic meat]
 41141 | Snake:4  | Gained mutation: You are clumsy. (Dex -2) [mutagenic meat]
 41344 | Snake:4  | Got a serpentine rune of Zot
 41398 | Snake:4  | Found Uzxul's Gadget Emporium.
 41419 | Snake:4  | Found Icuposki's Food Shoppe.
 41423 | Snake:4  | Found Noxtud's Food Emporium.
 42201 | Swamp:4  | Noticed the 27-headed Lernaean hydra
 42429 | Swamp:4  | Noticed Monkaria's illusion
 42490 | Swamp:3  | Noticed Monkaria's illusion
 42497 | Swamp:3  | Killed Mara
 42722 | Swamp:4  | Killed the 24-headed Lernaean hydra
 42770 | Swamp:4  | Reached XP level 19. HP: 155/166 MP: 20/22
 43121 | Swamp:4  | Reached skill level 15 in Dodging
 43162 | Swamp:4  | Gained mutation: Your spells are a little easier to cast, but a little less powerful. [mutagenic meat]
 43248 | Swamp:4  | Got a decaying rune of Zot
 43847 | Depths:1 | Entered Level 1 of the Depths
 45150 | Depths:1 | Found a portal to a secret trove of treasure.
 45278 | Depths:1 | Found a gateway to Hell.
 45644 | Depths:1 | Slain by a deep troll

Vault maps used:
D:1:      onia_arrival_mini_spirals
D:2:      gammafunk_temple_overflow_elements,
          nicolae_gozag_cash_rules_everything_around_me, uniq_sigmund,
          uniq_crazy_yiuf_cottage
D:3:      old_standard_altar, uniq_robin
D:4:      first_bread
D:5:      lemuel_crystal_altar, hangedman_decor_clover_reticule
D:6:      minmay_temple_entry_trees, uniq_duvessa
D:7:      nicolae_ru_sacrificial_ziggurat, serial_undead, serial_undead_a,
          serial_undead_d, serial_undead_c, serial_undead_c, serial_undead_d,
          serial_undead_e, serial_undead_a, serial_undead_f, serial_shops, shop
D:8:      grunt_ogre_cave, cheibrodos_worm_habitat, uniq_pikel
D:9:      minmay_opposing_rooms, lemuel_zombie_altar_kikubaaqudgha,
          erik_lair_orcish_takeover, serial_shops, shop, uniq_prince_ribbit1
D:10:     serial_shops, kennysheep_mini_moat
D:11:     serial_shops, shop, shop, kennysheep_little_box, shop_fountains,
          patterned_corridor
D:12:     minmay_orc_entry_guard_dogs, st_stairs_14, minivault_29, uniq_snorg
D:13:     hangedman_cross_cluster, kennysheep_pointless_box
D:14:     hangedman_decor_peaks_small, kennysheep_generic_room_8
D:15:     hangedman_depths_entry_try_elsewhere_first, tso_altar,
          lightli_wizard_tower
Temple:   circular_temple_12
Lair:1:   grunt_megastairs_3, uniq_sonja
Lair:3:   minivault_11, infiniplex_staircase_pool, serial_bayou_shore_a
Lair:4:   guppyfry_snake_entry_garden, minivault_19, serial_bayou_shore_b,
          lemuel_fruit_fields, lemuel_fruit_fields
Lair:5:   minmay_lair_venomous_thicket, swamp_mist_pool, disabler_island,
          uniq_nessos
Lair:6:   lemuel_ratsnest, grunt_megastairs_2, infiniplex_staircase_pool_2
Lair:7:   minmay_slime_entry_jelly_boxes, eino_small_chamber_without_monster,
          serial_bayou_shore_b
Lair:8:   evilmike_catoblepas_cave, worms_lemuel, serial_bayou_shore_b
Swamp:1:  hangedman_swamp_blocks
Swamp:2:  nicolae_snake_squiggles, nicolae_swamp_round_clearing
Swamp:3:  evilmike_swamp_ruin_house_4
Swamp:4:  swamp_old_school, uniq_mara, uniq_louise
Snake:1:  serial_shops, shop, nicolae_snake_single_loop
Snake:2:  serial_shops, nicolae_shop_behind_doors, grunt_ministairs_15,
          guppyfry_library_mini, uniq_jorgrun
Snake:3:  spider_trap, uniq_vashnia, uniq_aizul, uniq_nikola
Snake:4:  grunt_snake_rune_pools, serial_shops, shop_statue, shop, shop,
          nicolae_shop_stone, nicolae_shop_behind_doors
Orc:1:    basic_altar
Orc:3:    serial_shops, shop, nicolae_orc_pool_cavern
Orc:4:    st_orc_town, serial_shops, shop
Depths:1: trove_entry_hex_spiral, grunt_hell_horde, grunt_decor_arrowhead,
          minmay_librarian
Depths:2: nooodl_heptagram, serial_shops, shop, hangedman_decor_growths,
          grunt_hell_entry_dis_grunt, abyss_entry_small_statue_room,
          firewood_loft, minmay_staircase_statues_hall_small

Action                   |  1- 3 |  4- 6 |  7- 9 | 10-12 | 13-15 | 16-18 | 19-21 || total
-------------------------+-------+-------+-------+-------+-------+-------+-------++-------
Melee: Spear             |   124 |    31 |       |       |       |       |       ||   155
       Scythe            |       |    82 |   333 |       |       |       |       ||   415
       Trident           |       |       |    48 |   808 |  1313 |       |       ||  2169
       Glaive            |       |       |       |       |   754 |  1469 |   372 ||  2595
       Scimitar          |       |       |       |       |       |    92 |       ||    92
 Fire: Blowgun           |       |       |       |     3 |       |       |       ||     3
Throw: Tomahawk          |       |       |       |     1 |       |    10 |       ||    11
Invok: Disaster Area     |       |       |       |       |     1 |     3 |       ||     4
       Elemental Force   |       |       |       |       |     1 |     2 |       ||     3
Evoke: Wand              |       |       |       |     4 |       |       |       ||     4
       Deck              |       |       |       |     3 |       |     1 |       ||     4
  Use: Potion            |       |     1 |     1 |     6 |     7 |     2 |       ||    17
       Scroll            |       |     5 |       |    14 |    14 |    11 |     1 ||    45
 Stab: Sleeping          |     3 |     2 |       |       |       |       |       ||     5
       Distracted        |       |       |       |       |     1 |       |       ||     1
       Petrified         |       |       |       |       |     1 |       |       ||     1
       Confused          |       |       |       |       |       |     1 |       ||     1
  Eat: Chunk             |       |     7 |    16 |    25 |    70 |    61 |     9 ||   188
       Beef jerky        |       |     1 |     1 |     1 |     2 |       |     1 ||     6
       Fruit             |       |       |     1 |       |       |     3 |     1 ||     5
       Pizza             |       |       |       |       |     1 |       |       ||     1
       Meat ration       |       |       |       |       |       |     3 |     1 ||     4
